 Dungeon Crawl Stone Soup version 0.23-a0-643-g9ccc95a (webtiles) character file.

166 MalarOregon the Poker (level 5, -1/41 HPs)
             Began as a Merfolk Gladiator on Jan 1, 2019.
             Slain by an adder (2 damage)
             ... on level 3 of the Dungeon.
             The game lasted 00:05:23 (2666 turns).

MalarOregon the Poker (Merfolk Gladiator)           Turns: 2666, Time: 00:05:24

Health: -1/41      AC:  8    Str: 14    XL:     5   Next: 47%
Magic:  5/5        EV: 10    Int:  8    God:
Gold:   186        SH:  0    Dex: 10    Spells: 4/4 levels left

rFire    . . .     SeeInvis .   h - +0 spear (curse)
rCold    . . .     Gourm    .   (no shield)
rNeg     . . .     Faith    .   j - +0 scale mail
rPois    .         Spirit   .   o - +1 helmet
rElec    .         Reflect  .   (no cloak)
rCorr    .         Harm     .   (no gloves)
MR       .....                  (no boots)
Stlth    ..........             (no amulet)
HPRegen  0.13/turn              l - -6 ring of dexterity (curse)
MPRegen  0.09/turn              (no ring)

@: lethally poisoned (-1 -> -2)
A: change form in water, swift swim, stealthy swim
a: no special abilities


You were on level 3 of the Dungeon.
You were not hungry.

You visited 1 branch of the dungeon, and saw 3 of its levels.

You collected 186 gold pieces.

Inventory:

Hand Weapons
 a - a +0 trident
 h - a cursed +0 spear (weapon)
   (You found it on level 1 of the Dungeon)
Missiles
 d - 2 throwing nets {!f}
 m - 24 poisoned needles
 n - 57 stones (quivered)
Armour
 b - a +0 leather armour
 j - a +0 scale mail (worn)
   (You found it on level 1 of the Dungeon)
 o - a +1 helmet (worn)
   (You took it off Robin on level 2 of the Dungeon)
Jewellery
 l - a cursed -6 ring of dexterity (left hand)
   (You found it on level 2 of the Dungeon)
Potions
 f - a potion of haste {unknown}
 k - 2 potions of curing {@q1}
Comestibles
 e - 4 rations {!d}


   Skills:
 + Level 3.1 Fighting
 * Level 6.3 Polearms
 + Level 2.8 Throwing
 + Level 1.1 Armour
 + Level 4.8 Dodging


You had 4 spell levels left.
You didn't know any spells.
Your spell library was empty.

Dungeon Overview and Level Annotations

Branches:
Dungeon (3/15)

Altars:
Hepliaklqana
Okawaru


Message History

Aim: a gnoll, wielding a +0 spear (severely wounded)
You reach to attack!
You barely miss the gnoll.
The gnoll shouts!
Attack whom?
Aim: a gnoll, wielding a +0 spear (severely wounded)
You reach to attack!
You hit the gnoll.
You kill the gnoll!
A gnoll comes into view. It is wielding a +0 flail.
You miss the adder. The adder bites you but does no damage.
You hit the adder. The gnoll barely misses you. The adder barely misses you.
You closely miss the adder. The gnoll hits you but does no damage.
The adder bites you but does no damage.
Your scale mail prevents you from hitting the adder.
The adder closely misses you. The gnoll hits you but does no damage.
You miss the adder. The adder misses you.
You barely miss the adder.
The gnoll hits you from afar with a +0 spear.
* * * LOW HITPOINT WARNING * * *
A gnoll comes into view.
The adder misses you.
The gnoll shouts!
You miss the adder. The adder bites you but does no damage.
The adder bites you but does no damage.
You closely miss the adder. The gnoll hits you but does no damage.
You hit the adder. The adder barely misses you.
The gnoll hits you from afar with a +0 spear.
* * * LOW HITPOINT WARNING * * *
You hit the adder but do no damage. The adder closely misses you.
The adder barely misses you.
You hit the adder.
The gnoll hits you from afar with a +0 spear.
* * * LOW HITPOINT WARNING * * *
The adder bites you.
* * * LOW HITPOINT WARNING * * *
You are poisoned.
The adder poisons you!
You hit the adder but do no damage.
You feel sick. The gnoll misses you. The adder barely misses you.
Okay, then.
You closely miss the adder. The adder bites you but does no damage.
The gnoll barely misses you.
You barely miss the adder. The adder closely misses you.
The gnoll hits you from afar with a +0 spear.
* * * LOW HITPOINT WARNING * * *
You closely miss the adder. The adder bites you but does no damage.
You closely miss the adder.
You feel sick.
The gnoll hits you from afar with a +0 spear.
* * * LOW HITPOINT WARNING * * *
The adder bites you.
You die...

..### ....
.g. g. #)
#)### #?..# #
###g##### ..
#ggS@.## .#
#####..### .#
##...##.#
###....#
##......###
##.........#
#..........#
#..........#
#.....รท....#


You could see 2 gnolls, an adder and a goblin.

Vanquished Creatures
  Terence (D:2)
  Robin (D:2)
  2 gnolls (D:3)
  4 adders (D:2)
  An ooze (D:3)
  2 dart slugs
  4 leopard geckos
  A ball python (D:1)
  3 giant cockroaches
  13 goblins
  9 hobgoblins
  4 kobolds
  A quokka (D:2)
  5 bats
  5 frilled lizards
  5 rats
61 creatures vanquished.

Vanquished Creatures (others)
  A rat (D:2)
1 creature vanquished.

Grand Total: 62 creatures vanquished

Notes
Turn   | Place    | Note
-------+----------+-------------------------------------------
     0 | D:1      | MalarOregon the Merfolk Gladiator began the quest for the
                  | Orb.
     0 | D:1      | Reached XP level 1. HP: 16/16 MP: 1/1
    38 | D:1      | Found an iron altar of Okawaru.
   123 | D:1      | Reached XP level 2. HP: 12/22 MP: 2/2
   689 | D:2      | Reached skill level 5 in Polearms
   689 | D:2      | Reached XP level 3. HP: 28/28 MP: 3/3
   785 | D:2      | Noticed Terence
   820 | D:2      | Killed Terence
   820 | D:2      | Reached XP level 4. HP: 18/34 MP: 4/4
  1085 | D:2      | Noticed Robin
  1140 | D:2      | Killed Robin
  1140 | D:2      | Reached skill level 1 in Armour
  1395 | D:2      | Reached skill level 6 in Polearms
  1497 | D:2      | Reached XP level 5. HP: 40/40 MP: 5/5
  1533 | D:2      | Found a faded altar of an unknown god.
  1884 | D:2      | Found a hazy altar of Hepliaklqana.
  2666 | D:3      | HP: 1/41 [gnoll/+0 spear (4)]
  2666 | D:3      | Slain by an adder

Vault maps used:
D:1:      ebering_trefoil_3fold, minivault_14, okawaru_ov_weapons_minmay
D:2:      marbit_many_paths, chequers_ecumenical_altar_simple,
          lemuel_flame_loot_1, uniq_terence, uniq_robin
D:3:      portal_sewer_entry_f, gammafunk_ghost_grave, hex_intersection

Skill      XL: |  1  2  3  4  5 |
---------------+----------------+-----
Polearms       | 5 6 |  6.3
Armour         | 1 |  1.1
Fighting       | 3 |  3.1
Throwing       | |  2.8
Dodging        | |  4.8

Action                   |  1- 3 |  4- 6 || total
-------------------------+-------+-------++-------
Melee: Trident           |    32 |       ||    32
       Spear             |    92 |   253 ||   345
Throw: Throwing net      |     2 |       ||     2
       Stone             |     1 |     5 ||     6
  Use: Scroll            |       |     5 ||     5
 Stab: Held in net/web   |     1 |       ||     1
  Eat: Chunk             |       |     6 ||     6
Armor: Leather armour    |     6 |       ||     6
       Scale mail        |    15 |    83 ||    98
Dodge: Dodged            |    50 |   113 ||   163

Table legend:
 A = Non-vault XP
 B = Vault XP
 C = Vault XP percentage of total XP
 D = Non-vault monster count
 E = Vault monster count
 F = Vault count percentage of total count
                 A         B        C        D         E       F
            +---------+---------+-------+---------+---------+-------
      Total |     166 |      72 |  30.3 |      48 |      13 |  21.3
            +---------+---------+-------+---------+---------+-------
        D:1 |      30 |       0 |   0.0 |      16 |       0 |   0.0
        D:2 |      85 |      72 |  45.9 |      22 |      13 |  37.1
        D:3 |      51 |       0 |   0.0 |      10 |       0 |   0.0
            +---------+---------+-------+---------+---------+-------
